 Dungeon Crawl Stone Soup version 0.19.1-1-g22dce08 (webtiles) character file.

34 McKennaii the Magician (level 3, -5/21 HPs)
             Began as a High Elf Wizard on Jan 4, 2017.
             Killed from afar by a white imp (9 damage)
             ... with a puff of frost
             ... summoned by the player character
             ... on level 2 of the Dungeon.
             The game lasted 00:12:00 (1498 turns).

McKennaii the Magician (High Elf Wizard)            Turns: 1498, Time: 00:12:01

Health: -5/21      AC:  2    Str:  6    XL:     3   Next: 14%
Magic:  3/10       EV: 13    Int: 22    God:
Gold:   125        SH:  0    Dex: 14    Spells: 4 memorised, 4 levels left

rFire  . . .     SeeInvis .     (no weapon)
rCold  . . .     Gourm    .     o - +0 robe {rN+}
rNeg   + . .     Faith    .     (no shield)
rPois  .         Spirit   .     b - +0 hat
rElec  .         Reflect  .     (no cloak)
rCorr  .         Harm     .     (no gloves)
MR     .....                    (no boots)
Stlth  ++........               (no amulet)
                                (no ring)
                                (no ring)

@: very slightly contaminated
A: no striking features
a: no special abilities


You were on level 2 of the Dungeon.
You were hungry.

You visited 1 branch of the dungeon, and saw 2 of its levels.

You collected 125 gold pieces.

Inventory:

Armour
 b - a +0 hat (worn)
 o - a +0 robe of positive energy (worn)
 p - a cursed +0 plate armour
Scrolls
 a - a scroll of noise {unknown}
 e - a scroll of identify {unknown}
 j - 3 scrolls of remove curse {unknown}
 k - 2 scrolls of recharging {unknown}
 n - 2 scrolls of immolation {unknown}
 r - a scroll of teleportation {unknown}
 s - a scroll of amnesia {unknown}
Potions
 h - a potion of cancellation {unknown}
 i - a potion of invisibility {unknown}
 l - a potion of might {unknown}
 m - a potion of haste {unknown}
Books
 c - a book of Minor Magic

   Spells                             Type                      Level
   a - Magic Dart                     Conjuration                  1
   b - Blink                          Translocation                2
   c - Call Imp                       Summoning                    2
   d - Repel Missiles                 Charms/Air                   2
   e - Slow                           Hexes                        2
   f - Conjure Flame                  Conjuration/Fire             3
   g - Mephitic Cloud                 Conjuration/Poison/Air       3
Comestibles
 d - 2 bread rations
 f - 4 meat rations
 g - 4 fruits
 q - a slice of pizza
 t - a royal jelly


   Skills:
 + Level 0.2 Fighting
 + Level 2.5 Dodging
 + Level 2.3 Stealth
 + Level 0.1 Unarmed Combat
 + Level 4.5 Spellcasting
 + Level 1.3 Conjurations
 + Level 0.8 Summonings
 + Level 1.1 Translocations


You had 4 spell levels left.
You knew the following spells:

 Your Spells              Type           Power        Failure   Level  Hunger
a - Magic Dart            Conj           ##..         10%         1    None
b - Call Imp              Summ           #.......     14%         2    None
c - Blink                 Tloc           N/A          12%         2    None
d - Slow                  Hex            #.......     17%         2    None


Dungeon Overview and Level Annotations

Branches:
Dungeon (2/15)

Altars:
Fedhas
Hepliaklqana
Kikubaaqudgha
Vehumet
Yredelemnul

Annotations:
D:2 exclusion: oklob plant


Message History

Casting: Magic Dart
Confirm with . or Enter, or press ? or * to list all spells.
Aiming: Magic Dart
Press: ? - help, Shift-Dir - straight line, f/p - adder
Aim: an adder (heavily wounded)
The magic dart hits the adder.
The adder is severely wounded.
Your white imp completely misses the adder.
The adder bites you.
* * * LOW HITPOINT WARNING * * *
Casting: Magic Dart
Confirm with . or Enter, or press ? or * to list all spells.
Aiming: Magic Dart
Press: ? - help, Shift-Dir - straight line, f/p - adder
Aim: an adder (severely wounded)
The magic dart hits the adder.
The adder is severely wounded.
Your white imp gestures at the adder.
The puff of frost misses the adder.
The puff of frost hits you!
You die...

# >. +......## #.#.#.# #
####.......##... #.#.#.###
### #........##.# #.#.#<..#
..# ###+#####.#.#
#.#.#รทรท## ..######.##
#.#.# #.#.#..# ..........#
#.#.# #.#.#..# ..........#
#.#.# #.#.#..# ..........#
#.#.##.#.#.#..#
..........####.#@...#.#.#..#
.............#.#S####.#.#..#
...........#.#.#5.....#.#..#
...........#.#.#......#.#..#
##.........#.#.#....#.#.#..#
##.........#.#.#.##.#.#.#..#
.+.........#.#.#.##.#.#.#..#
.#.........#.#.#.##.#.#.#..#
.#######.#.#.#.#......#.#..#


You could see an adder and a friendly white imp.

Vanquished Creatures
  An adder (D:2)
  A leopard gecko (D:2)
  3 goblins
  4 jackals (D:2)
  A kobold (D:2)
  A quokka (D:2)
  2 bats (D:1)
  3 frilled lizards
  6 rats
  2 toadstools (D:2)
24 creatures vanquished.

Vanquished Creatures (collateral kills)
  2 jackals (D:2)
  A kobold (D:2)
3 creatures vanquished.

Vanquished Creatures (others)
  13 toadstools (D:2)
13 creatures vanquished.

Grand Total: 40 creatures vanquished

Notes
Turn   | Place    | Note
-------+----------+-------------------------------------------
     0 | D:1      | McKennaii the High Elf Wizard began the quest for the Orb.
     0 | D:1      | Reached XP level 1. HP: 11/11 MP: 6/6
   348 | D:1      | Reached skill level 4 in Spellcasting
   520 | D:1      | Reached XP level 2. HP: 16/17 MP: 5/8
   610 | D:1      | Learned a level 2 spell: Call Imp
   613 | D:1      | Learned a level 2 spell: Blink
   616 | D:1      | Learned a level 2 spell: Slow
   721 | D:2      | Found an ancient bone altar of Kikubaaqudgha.
   724 | D:2      | Found a radiant altar of Vehumet.
   726 | D:2      | Found a basalt altar of Yredelemnul.
   762 | D:2      | Found a blossoming altar of Fedhas.
   773 | D:2      | Noticed an oklob plant
  1233 | D:2      | Found a hazy altar of Hepliaklqana.
  1397 | D:2      | Reached XP level 3. HP: 11/21 MP: 0/10
  1498 | D:2      | Killed from afar by a white imp

Skill      XL: |  1 |
---------------+----+-----
Spellcasting   | 4 |  4.5
Fighting       | |  0.2
Dodging        | |  2.5
Stealth        | |  2.3
Unarmed Combat | |  0.1
Conjurations   | |  1.3
Summonings     | |  0.8
Translocations | |  1.1

Action                   || total
-------------------------++-------
Melee: Unarmed           ||    33
 Cast: Magic Dart        ||    55
       Call Imp          ||     2
  Eat: Fruit             ||     1
Armor: Robe              ||     5
Dodge: Dodged            ||    22
